AoeStats
← nachoverapp

MegaRandom

510406132Analyzed
3v3 RM · 1d ago on Sep 30, 2026· 72m 36s· 6 players
Game mode
Random Map
Map size
Normal (6 player)
Population
200
Speed
Normal
Resources
Standard
Victory
Conquest
Starting age
Dark Age
Ending age
Imperial Age
RankedLock teamsTeams togetherTeam positionsShared explorationLock speedFull tech treeHidden civsTurbo modeCheats
Victory
Defeat
🇨🇱 Persians · Chile
769
+13
🇨🇱 Sicilians · Chile
675
+16
🇨🇱 Byzantines · Chile
654
+17
🇨🇱 Gurjaras · Chile
708
-16
🇮🇹 Aztecs · Italy
693
-16
🇲🇽 Spanish · Mexico
659
-14
Chaaloo18
11:05 Feudal Age
13:25 Gold Mining
13:24 Double-Bit Axe
15:12 Horse Collar
18:05 Castle Age
15:55 Man-at-Arms
17:57 Wheelbarrow
18:27 Bloodlines
19:15 Husbandry
19:50 Stone Mining
20:14 Scale Barding Armor
21:21 Forging
25:02 Chain Barding Armor
31:30 Bow Saw
33:24 Iron Casting
35:59 Gold Shaft Mining
36:00 Stone Shaft Mining
35:44 Scale Mail Armor
35:37 Fletching
35:48 Padded Archer Armor
37:04 Pikeman
38:10 Hand Cart
39:09 Town Watch
40:11 Kamandaran
42:04 Masonry
42:57 Town Patrol
45:37 Imperial Age
44:12 Caravan
45:42 Cavalier
45:43 Heavy Camel Rider
47:49 Plate Barding Armor
48:15 Blast Furnace
47:32 Leather Archer Armor
47:13 Bodkin Arrow
48:25 Two-Man Saw
47:37 Fervor
47:50 Ballistics
48:30 Chemistry
48:02 Architecture
48:56 Conscription
48:47 Elite War Elephant
50:11 Citadels
50:44 Savar
52:14 Guilds
69:53 Heavy Plow
69:48 Guard Tower
69:54 Murder Holes
dfelicep
14:02 Feudal Age
14:51 Double-Bit Axe
14:53 Horse Collar
24:04 Wheelbarrow
26:34 Forging
26:25 Scale Mail Armor
29:51 Castle Age
31:33 Hand Cart
31:29 Heavy Plow
31:42 Bow Saw
31:26 Gold Mining
31:27 Stone Mining
37:59 Imperial Age
37:04 Iron Casting
39:17 Conscription
41:01 Gold Shaft Mining
41:06 Stone Shaft Mining
41:09 Crop Rotation
45:24 Blast Furnace
44:30 Scale Barding Armor
44:43 Chain Mail Armor
47:25 Caravan
47:39 Elite Serjeant
54:28 Murder Holes
54:19 Arrowslits
54:26 Heated Shot
54:39 Squires
54:25 Gambesons
54:26 Arson
62:32 Hauberk
62:50 First Crusade
nachoverapp
13:24 Feudal Age
15:38 Double-Bit Axe
18:20 Loom
20:49 Castle Age
21:30 Pikeman
22:11 Squires
29:09 Elite Skirmisher
29:52 Fletching
30:41 Gold Mining
30:55 Horse Collar
39:01 Stone Mining
40:43 Crossbowman
45:18 Imperial Age
46:58 Conscription
46:33 Halberdier
48:33 Elite Cataphract
52:10 Wheelbarrow
52:03 Logistica
53:18 Gold Shaft Mining
53:18 Stone Shaft Mining
53:05 Ballistics
55:44 Heavy Plow
62:15 Arrowslits
63:31 Chemistry
62:05 Cavalier
62:45 Husbandry
64:35 Paladin
65:54 Hand Cart
Bartoz
6:39 Loom
10:52 Feudal Age
11:41 Double-Bit Axe
11:46 Horse Collar
13:23 Wheelbarrow
15:01 Town Watch
15:56 Fletching
22:06 Castle Age
22:10 Forging
22:02 Padded Archer Armor
22:50 Bloodlines
27:41 Husbandry
30:35 Hand Cart
31:40 Ballistics
31:02 Treadmill Crane
31:33 Masonry
31:57 Town Patrol
33:33 Heavy Plow
42:01 Imperial Age
41:40 Bow Saw
43:36 Thumb Ring
44:10 Heavy Camel Rider
46:10 Bodkin Arrow
46:32 Leather Archer Armor
46:53 Iron Casting
46:05 Elite Elephant Archer
50:41 Conscription
51:02 Hoardings
51:50 Gold Mining
51:51 Stone Mining
52:39 Crop Rotation
53:16 Chemistry
52:47 Architecture
52:13 Murder Holes
56:39 Bracer
56:40 Scale Mail Armor
56:46 Scale Barding Armor
56:45 Scale Mail Armor
56:52 Elite Chakram Thrower
Azteca Beleren
0:42 Loom
10:42 Feudal Age
11:26 Double-Bit Axe
11:24 Horse Collar
20:42 Castle Age
19:25 Man-at-Arms
20:26 Stone Mining
20:56 Arson
22:13 Stone Shaft Mining
21:06 Long Swordsman
22:51 Forging
22:42 Scale Mail Armor
31:09 Gold Mining
31:24 Heavy Plow
31:38 Bow Saw
40:05 Imperial Age
40:09 Sanctity
40:00 Fervor
40:11 Elite Conquistador
41:14 Conscription
43:34 Ballistics
44:15 Chemistry
44:17 Thumb Ring
59:53 Caravan
iaba
1:05 Loom
13:18 Feudal Age
13:44 Horse Collar
13:52 Double-Bit Axe
19:29 Castle Age
17:53 Arson
18:05 Stone Mining
18:05 Gold Mining
20:51 Scale Mail Armor
21:01 Forging
21:09 Pikeman
24:01 Iron Casting
23:42 Chain Mail Armor
26:43 Squires
29:29 Gambesons
31:00 Eagle Warrior
33:00 Heavy Plow
34:19 Bow Saw
36:58 Redemption
36:49 Atonement
36:59 Fervor
39:30 Caravan
42:22 Imperial Age
40:37 Wheelbarrow
40:49 Stone Shaft Mining
40:49 Gold Shaft Mining
41:21 Sanctity
41:02 Devotion
40:57 Herbal Medicine
41:02 Treadmill Crane
41:18 Murder Holes
41:45 Ballistics
41:43 Fortified Wall
43:12 Hand Cart
42:43 Town Watch
42:59 Fletching
45:20 Crop Rotation
45:16 Conscription
44:43 Crossbowman
47:13 Chemistry
46:11 Elite Eagle Warrior
49:39 Theocracy
49:25 Heresy
49:25 Faith
49:31 Illumination
49:21 Block Printing
51:47 Garland Wars
51:27 Atlatl
54:19 Blast Furnace
53:52 Plate Mail Armor
55:24 Arbalester
55:25 Elite Skirmisher
62:54 Capped Ram
64:49 Elite Jaguar Warrior
65:58 Siege Ram
Connection lost

Rejoining the realm…

Still unreachable

The connection could not be restored.

Session expired

The server has moved on; the page needs a fresh start.